[Event "15th Spice Cup 2021"]
[Site "Clayton"]
[Date "2021.10.21"]
[Round "7.3"]
[White "Nakada, Akira"]
[Black "Yoo, Christopher Woojin"]
[Result "0-1"]
[ECO "A28"]
[WhiteElo "2226"]
[BlackElo "2485"]
[Annotator "ChessBase"]
[PlyCount "76"]
[EventDate "2021.10.17"]
[EventType "swiss"]
[EventCountry "USA"]
[SourceTitle "playchess.com"]
[Source "ChessBase"]
[SourceQuality "1"]
[TimeControl "5400+30"]

1. c4 e5 2. Nc3 Bb4 3. Qc2 Nf6 4. Nf3 Nc6 5. e3 O-O 6. Nd5 Be7 7. a3 d6 8. Ng5 g6 9. Nxe7+ Qxe7 10. Bd3 Nd7 11. Ne4 f5 12. Nc3 Nc5 13. Nd5 Nxd3+ 14. Qxd3 Qf7 15. f4 exf4 16. exf4 Re8+ 17. Kd1 Be6 18. b3 Bxd5 19. cxd5 Ne7 20. Bb2 Nxd5 21. Qd4 Kf8 22. b4 Re4 23. Qh8+ Qg8 24. Qxg8+ Kxg8 25. g3 a5 26. b5 a4 27. d3 Re3 28. Kd2 Rae8 29. Rhe1 Rxe1 30. Rxe1 Rxe1 31. Kxe1 Kf7 32. Kd2 Ke6 33. Bd4 c6 34. bxc6 bxc6 35. Bf2 c5 36. Kc2 Nc7 37. Be3 Nb5 38. Bc1 Kd5 0-1

[Event "15th Spice Cup 2021"]
[Site "Clayton"]
[Date "2021.10.21"]
[Round "7.6"]
[White "Moradiabadi, Elshan"]
[Black "Proleiko, Julian"]
[Result "1-0"]
[ECO "D37"]
[WhiteElo "2553"]
[BlackElo "2180"]
[Annotator "ChessBase"]
[PlyCount "73"]
[EventDate "2021.10.17"]
[EventType "swiss"]
[EventCountry "USA"]
[SourceTitle "playchess.com"]
[Source "ChessBase"]
[SourceQuality "1"]
[TimeControl "5400+30"]

1. d4 Nf6 2. Nf3 d5 3. c4 e6 4. Nc3 Be7 5. Bf4 O-O 6. a3 Nbd7 7. Nb5 Ne8 8. e3 dxc4 9. Bxc4 Nd6 10. Rc1 a6 11. Nxd6 Bxd6 12. Bg5 Be7 13. Bxe7 Qxe7 14. Bd3 c6 15. Qc2 h6 16. O-O Re8 17. Rfe1 e5 18. Bh7+ Kh8 19. Be4 exd4 20. exd4 Qf8 21. d5 c5 22. Nd2 b5 23. h3 Qd6 24. Bf3 Rxe1+ 25. Rxe1 Nf6 26. Ne4 Nxe4 27. Qxe4 Bd7 28. Qe7 Qxe7 29. Rxe7 Be8 30. Rc7 c4 31. Kf1 Kg8 32. Ke2 Rd8 33. Ke3 Rd7 34. Rc8 Kf8 35. Kd4 Ke7 36. Kc5 f5 37. d6+ 1-0